 Dungeon Crawl Stone Soup version 0.32-a0-20-ge526923d97 (webtiles) character file.

Game seed: 13458000734541892777

104 IdlyInterested the Trooper (level 4, 0/37 HPs)
             Began as a Demonspawn Fighter on Jan 17, 2024.
             Slain by a hound (1 damage)
             ... on level 4 of the Dungeon.
             The game lasted 00:09:08 (2626 turns).

IdlyInterested the Trooper (Demonspawn Fighter)     Turns: 2626, Time: 00:09:08

Health: 0/37       AC: 11    Str: 16    XL:     4   Next: 52%
Magic:  4/4        EV:  7    Int:  8    God:
Gold:   166        SH:  5    Dex: 15    Spells: 3/3 levels left

rFire   . . .        a - +0 rapier
rCold   . . .        c - +0 buckler
rNeg    . . .        k - +0 chain mail
rPois   .            (helmet restricted)
rElec   .            (no cloak)
rCorr   .            (no gloves)
SInv    .            (no boots)
Will    .....        (no amulet) Stlth
                     (no ring)
HPRegen 0.26/turn    (no ring)
MPRegen 0.09/turn

%: no passive effects
@: mighty
A: horns 1, yellow scales 1, sense surroundings 1
a: no special abilities


You were on level 4 of the Dungeon.
You visited 1 branch of the dungeon, and saw 4 of its levels.

You collected 166 gold pieces.

Inventory:

Hand Weapons
 a - a +0 rapier (weapon)
Missiles
 i - 65 stones (quivered)
 l - 2 boomerangs
Armour
 c - a +0 buckler (worn)
 k - a +0 chain mail (worn)
Magical Staves
 n - a staff of earth
Talismans
 e - a maw talisman
Wands
 m - a wand of polymorph (10)
 q - a wand of quicksilver (8)
Scrolls
 f - a scroll of teleportation {unknown}
 g - a scroll of torment
 j - 2 scrolls of revelation
 p - 2 scrolls of poison {unknown}
 r - a scroll of amnesia {unknown}
Potions
 b - a potion of mutation
 d - a potion of might
 h - 2 potions of enlightenment
 o - a potion of haste {unknown}


   Skills:
 - Level 4.0 Fighting
 - Level 1.7 Short Blades
 - Level 3.0 Armour
 - Level 1.0 Dodging
 - Level 1.0 Stealth
 * Level 3.3 Shields
 - Level 1.0 Unarmed Combat
 + Level 0.1 Shapeshifting


You had 3 spell levels left.
You didn't know any spells.
Your spell library contained the following spells:

 Spells                   Type           Power      Damage    Failure   Level
 Dazzling Flash           Conj/Hex       0%         N/A       100%        3
 Mephitic Cloud           Conj/Alch/Air  0%         N/A       100%        3
 Curse of Agony           Necr           0%         N/A       100%        5
 Silence                  Hex/Air        0%         N/A       100%        5


Dungeon Overview and Level Annotations

Branches:
Dungeon (4/15)
 Temple: D:4-7

Altars:
Cheibriados
Uskayaw
Wu Jian

Shops:
D:3 *


Innate Abilities, Weirdness & Mutations

You have a pair of small horns on your head.
You are partially covered in yellow scales. (AC +2)
You passively map a small area around you.


Message History

The hound bites you but does no damage. The gnoll hits you but does no damage.
The hound completely misses you. The gnoll hits you but does no damage.
You barely miss the hound.
The hound is moderately wounded.
The hound bites you but does no damage. The gnoll closely misses you.
The gnoll hits you from afar with a +0 spear.
The hound bites you.
You miss the hound. Your headbutt misses the hound.
The hound is moderately wounded.
The hound bites you. The gnoll hits you with a +0 club.
The gnoll hits you from afar with a +0 spear.
You closely miss the hound.
The hound is moderately wounded.
You block the hound's attack. The hound bites you.
The gnoll hits you but does no damage. You block the gnoll's attack.
You closely miss the hound.
The hound is moderately wounded.
The hound bites you but does no damage. The gnoll hits you with a +0 club.
The gnoll hits you from afar with a +0 spear.
* * * LOW HITPOINT WARNING * * *
The hound bites you but does no damage.
You hit the hound. Your headbutt misses the hound.
The hound is heavily wounded.
The hound bites you but does no damage. The gnoll barely misses you. x2
The hound bites you but does no damage.
You miss the hound. Your headbutt misses the hound.
The hound is heavily wounded.
You block the gnoll's attack. The gnoll barely misses you.
The hound bites you but does no damage.
You feel very mighty all of a sudden. The hound bites you but does no damage.
The gnoll hits you from afar with a +0 spear.
* * * LOW HITPOINT WARNING * * *
The gnoll hits you but does no damage. The hound bites you but does no damage.
You barely miss the hound.
The hound is heavily wounded.
The gnoll hits you with a +0 club.
* * * LOW HITPOINT WARNING * * *
The hound bites you.
You die...

, , ....., , * ...., ,
*#... * ##... , ..#
#... * , * * #..# ##.g#
* * #..####gh.# *
###..#...@.### * * *
###............##..
.####..................
*
..........#......#.....
..........#.....###....
, .................#
#... ,
.................#**...
*
....#....#####.....#,..
.........## ##.......,
*


You could see a hound and 2 gnolls.

Vanquished Creatures
  A bombardier beetle (D:3)
  2 adders (D:3)
  A dart slug (D:1)
  A ribbon worm (D:2)
  An orc (D:2)
  8 bats
  7 endoplasms
  3 giant cockroaches
  2 goblins
  3 hobgoblins
  4 quokkas
  4 ball pythons
  3 frilled lizards
  4 kobolds
  7 rats
51 creatures vanquished.

Notes
Turn   | Place    | Note
-------+----------+-------------------------------------------
     0 | D:1      | IdlyInterested the Demonspawn Fighter began the quest for
                  | the Orb.
     0 | D:1      | Reached XP level 1. HP: 18/18 MP: 1/1
   189 | D:1      | Gained mutation: You are partially covered in yellow
                  | scales. (AC +2) [demonic ancestry]
   189 | D:1      | Reached XP level 2. HP: 22/24 MP: 2/2
  1144 | D:2      | Reached skill level 1 in Unarmed Combat
  1144 | D:2      | Gained mutation: You have a pair of small horns on your
                  | head. [demonic ancestry]
  1144 | D:2      | Reached XP level 3. HP: 30/30 MP: 3/3
  1739 | D:3      | Gained mutation: You passively map a small area around you.
                  | [potion of mutation]
  1890 | D:3      | Found a snail-covered altar of Cheibriados.
  1897 | D:3      | Reached skill level 4 in Fighting
  1897 | D:3      | Reached skill level 1 in Dodging
  1897 | D:3      | Reached XP level 4. HP: 37/37 MP: 4/4
  1964 | D:3      | Found Zin's Purification Station.
  1977 | D:3      | Found a hide-covered altar of Uskayaw.
  2135 | D:3      | Reached skill level 1 in Stealth
  2411 | D:3      | Found an ornate altar of the Wu Jian Council.
  2626 | D:4      | HP: 1/37 [gnoll/+0 club (4)]
  2626 | D:4      | Slain by a hound

Illustrated notes

Levels and vault maps discovered:
D:1:      psy_arrival_radial01, layout_loops_corners
D:2:      layout_loops_cross, minivault_5
D:3:      layout_loops_ring, chei_slow_surprise, zin_purify,
          amcnicky_altar_gilded, nicolae_wu_jian_wuxing_cycle
D:4:      kennysheep_slugbush, layout_layer_cave

Skill      XL: |  1  2  3  4 |
---------------+-------------+-----
Armour         | 3 |  3.0
Unarmed Combat | 1 |  1.0
Fighting       | 4 |  4.0
Dodging        | 1 |  1.0
Shields        | 3 |  3.3
Stealth        | 1 |  1.0
Short Blades   | |  1.7
Shapeshifting  | |  0.1

Action                     |  1- 3 |  4- 6 || total
---------------------------+-------+-------++-------
  Melee: Rapier            |   136 |    51 ||   187
         Headbutt          |     8 |     8 ||    16
    Use: Scroll            |     3 |       ||     3
         Potion            |     2 |     1 ||     3
 Armour: Scale mail        |    36 |       ||    36
         Chain mail        |    47 |    57 ||   104
  Dodge: Dodged            |    44 |    20 ||    64
  Block: Buckler           |    29 |    14 ||    43

Table legend: (Time is in decaauts)
 A = Elapsed time spent in this place.
 B = Non-inter-level travel time spent in this place.
 C = Inter-level travel time spent in this place.
 D = Time resting spent in this place.
 E = Time spent auto-exploring this place.
 F = Levels seen in this place.
 G = Mean time per level.
                   A        B        C        D        E       F      G
               +--------+--------+--------+--------+--------+-----+--------+
         Total |   2654 |   2394 |    260 |     29 |   1758 |   4 |  663.5 |
       Dungeon |   2654 |   2394 |    260 |     29 |   1758 |   4 |  663.5 |
               +--------+--------+--------+--------+--------+-----+--------+

Top non-repeatable levels by time:
     D:1: 1088 daAuts
     D:3: 778 daAuts
     D:2: 736 daAuts
     D:4: 51 daAuts
